 Dungeon Crawl Stone Soup version 0.20.1-1-g8b1a95d (webtiles) character file.

11675 vatarom the Summoner (level 11, -4/92 HPs)
             Began as a Demonspawn Summoner on Oct 5, 2017.
             Was a Believer of Ashenzari.
             Slain by an orc warrior
             ... wielding a +0 dire flail
              (16 damage)
             ... on level 11 of the Dungeon.
             The game lasted 00:36:45 (12918 turns).

vatarom the Summoner (Demonspawn Summoner)         Turns: 12918, Time: 00:36:46

Health: -4/92      AC:  8    Str: 15    XL:     11   Next: 52%
Magic:  14/20      EV: 12    Int: 16    God:    Ashenzari [**....]
Gold:   653        SH:  0    Dex: 13    Spells: 5/22 levels left

rFire    + . .     SeeInvis .   e - +3 halberd (curse)
rCold    + . .     Gourm    .   (shield currently unavailable)
rNeg     . . .     Faith    .   K - +2 ring mail {rPois} (curse)
rPois    +         Spirit   .   (no helmet)
rElec    .         Reflect  .   (no cloak)
rCorr    .         Harm     .   (no gloves)
MR       +....     Clarity  +   (no boots)
Stlth    ..........             (no amulet)
Regen    0.3/turn               H - ring "Govulaehoiqu" {rPois MR+ Dex-4 Stlth-} (curse)
MPRegen  0.2/turn               I - ring of the Commoners {Wiz rF+ rC+ Str+4} (curse)

@: no status effects
A: talons 2, agile 1, clarity, demonic guardian 1, robust 1, wild magic 1,
evolution 1, sturdy frame 3
a: Curse Item, Scrying, Renounce Religion


You were on level 11 of the Dungeon.
You worshipped Ashenzari.
Ashenzari was pleased with you.
You were not hungry.

You visited 2 branches of the dungeon, and saw 12 of its levels.

You collected 653 gold pieces.

Inventory:

Hand Weapons
 e - a cursed +3 halberd (weapon)
 z - a +0 trident
 J - a +9 blowgun
Armour
 K - a cursed +2 ring mail of poison resistance (worn)
Jewellery
 h - an uncursed ring of protection from fire
 x - an uncursed ring of poison resistance
 H - the cursed ring "Govulaehoiqu" (left hand) {rPois MR+ Dex-4 Stlth-}
   (You took it off a tengu conjurer on level 10 of the Dungeon)

   [ring of loudness]

   It affects your dexterity (-4).
   It protects you from poison.
   It affects your resistance to hostile enchantments.
   It makes you less stealthy.
   It has a curse placed upon it.
 I - the cursed ring of the Commoners (right hand) {Wiz rF+ rC+ Str+4}
   (You found it on level 10 of the Dungeon)

   [ring of wizardry]

   It improves your spell success rate.
   It affects your strength (+4).
   It protects you from fire.
   It protects you from cold.
   It has a curse placed upon it.
Wands
 d - a wand of disintegration (5/24)
 p - a wand of scattershot (4/9)
 t - a wand of confusion (19/48)
 u - a wand of disintegration (0/24)
 y - a wand of lightning (6/15)
 C - a wand of iceblast (5/15)
 D - a wand of polymorph (15/24)
 E - a wand of confusion (24/48)
Scrolls
 a - 8 scrolls of teleportation
 l - a scroll of recharging
 o - a scroll of enchant armour
 q - 3 scrolls of magic mapping
 r - a scroll of fog
 v - a scroll of amnesia
 L - a scroll of identify
Potions
 f - 3 potions of heal wounds
 i - 2 potions of haste
 j - a potion of might
 k - a potion of agility
 n - a potion of brilliance
 A - a potion of lignification
 B - 2 potions of cancellation
 F - a potion of flight
 G - a potion of magic
Books
 b - a book of Callings

   Spells                             Type                      Level
   a - Summon Small Mammal            Summoning                    1
   b - Call Imp                       Summoning                    2
   c - Call Canine Familiar           Summoning                    3
   d - Summon Guardian Golem          Hexes/Summoning              3
   e - Summon Lightning Spire         Summoning/Air                4
   f - Summon Ice Beast               Ice/Summoning                4
Comestibles
 c - a bread ration
 g - 8 meat rations
 m - 20 chunks of flesh
 s - 5 fruits
 w - 6 royal jellies


   Skills:
 + Level 7.5 Fighting
 + Level 6.2(9.3) Polearms
 * Level 4.5 Armour
 - Level 1.7 Dodging
 - Level 1.7 Stealth
 + Level 6.4 Spellcasting
 * Level 10.9(12.2) Summonings
 - Level 3.1(4.3) Ice Magic
 - Level 6.2(7.7) Air Magic


You had 5 spell levels left.
You knew the following spells:

 Your Spells              Type           Power        Failure   Level  Hunger
a - Summon Small Mammal   Summ           ####         1%          1    None
b - Call Imp              Summ           ######..     1%          2    None
c - Call Canine Familiar  Summ           ######..     1%          3    ##.....
d - Summon Ice Beast      Ice/Summ       #####...     2%          4    ####...
e - Summon Lightning Spi  Summ/Air       #####...     1%          4    ####...
f - Summon Guardian Gole  Hex/Summ       ####....     2%          3    ##.....


Dungeon Overview and Level Annotations

Branches:
Dungeon (11/15)            Temple (1/1) D:4            Lair (0/6) D:11
    Orc: D:9-12

Altars:
Ashenzari
Cheibriados
Dithmenos
Elyvilon
Fedhas
Gozag
Hepliaklqana
Kikubaaqudgha
Makhleb
Nemelex Xobeh
Okawaru
Qazlal
Ru
Sif Muna
Trog
Uskayaw
Vehumet
Xom
Yredelemnul
Zin
The Shining One

Shops:
D:10 [   D:11 (

Annotations:
D:11 Urug


Innate Abilities, Weirdness & Mutations

You have razor-sharp toenails.
A weak demonic guardian rushes to your aid.
Your movements are significantly less encumbered by armour. (ER -6)
You are agile. (Dex +2)
You possess an exceptional clarity of mind.
You are robust. (+10% HP)
Your spells are a little harder to cast, but a little more powerful.
You evolve.


Message History

The orc warrior is heavily wounded.
The orc warrior hits you with a dire flail!
The quokka twitches its whiskers.
You are too injured to fight recklessly!
You are too injured to fight recklessly!
Unknown command.
Casting: Summon Lightning Spire
Confirm with . or Enter, or press ? or * to list all spells.
The orc warrior hits you with a dire flail!
Unknown command.
You are too injured to fight recklessly!
You barely miss the orc warrior. You claw the orc warrior.
The orc warrior is heavily wounded.
The orc warrior hits you with a dire flail!
* * * LOW HITPOINT WARNING * * *
Unknown command.
You swap places.
Your wolf barely misses the orc warrior. x2
The orc warrior hits you with a dire flail!
You die...

#.........# #..... #.........###
#..... #########
#.........'.####.....
........#####.........#....'^....
#######)[..)'.........######....8
#######....^...(# #.....
#.........# ###.8.∩ #####'#####
#....#. #h@.# #.####8 #o###
##.####. ########## ##r#######
#...>...
.........#####.)).....####.......
.........##..'........#(().......
.........##.##...>....#(##.......
.........##{##........'.##.......
.........##5##........####.......
.........+{.##........# #.......


You could see an orc warrior, a quokka and a friendly wolf.

Vanquished Creatures
  A centaur warrior (D:11)
  A two-headed ogre (D:10)
  An unseen horror (D:11)
  An ugly thing (D:11)
  Psyche (D:8)
  A hippogriff (D:11)
  3 yaks (D:10)
  2 hogs (D:7)
  2 wyverns
  A hungry ghost (D:10)
  2 steam dragons
  3 orc warriors
  A black bear (D:8)
  2 sky beasts
  A phantom (D:10)
  An ice beast (D:7)
  3 ogres
  A crocodile (D:9)
  7 bullfrogs
  A big kobold (D:10)
  A gnoll sergeant (D:10)
  3 scorpions
  3 crimson imps
  2 howler monkeys
  2 bullfrog zombies
  A quasit (D:6)
  6 hounds
  3 jellies
  5 orc priests
  A bullfrog skeleton (D:9)
  3 centaur skeletons
  3 iguanas
  7 worker ants
  7 orc wizards
  4 gnolls
  2 worker ant zombies
  3 adders
  2 oozes
  2 adder zombies
  3 adder skeletons (D:4)
  3 worms
  5 dart slugs
  5 leopard geckos
  25 orcs
  3 ball pythons
  3 giant cockroaches
  2 goblins (D:1)
  6 hobgoblins
  6 jackals
  3 quokkas
  A ball python zombie (D:4)
  7 bats
  4 frilled lizards
  9 kobolds
  A leopard gecko skeleton (D:6)
  6 rats
188 creatures vanquished.

Vanquished Creatures (collateral kills)
  3 two-headed ogres
  2 ugly things
  3 cyclopes
  Joseph (D:7)
  The ghost of Gobbopathe the Changer, a novice VSTm (D:6)
  A tengu conjurer (D:10)
  A troll (D:10)
  2 hippogriffs
  A human (D:7)
  A wyvern (D:9)
  2 hogs (D:7)
  8 yaks
  Edmund (D:5)
  A soldier ant (D:10)
  A water moccasin (D:7)
  5 orc warriors
  An ice beast (D:6)
  3 sky beasts
  A hornet zombie (D:8)
  A black bear (D:6)
  3 ogres
  A phantom (D:4)
  2 centaurs
  Blork the orc (D:5)
  The ghost of Irenicus the Slasher, a weakling DDMo (D:3)
  3 wights (D:9)
  A howler monkey (D:8)
  A crimson imp (D:6)
  A bullfrog zombie (D:4)
  A hound (D:10)
  A jelly (D:6)
  3 orc priests
  A bullfrog skeleton (D:4)
  Jessica (D:2)
  Natasha (thrice) (D:2)
  3 orc wizards
  5 worker ants
  A killer bee zombie (D:10)
  3 adders
  3 gnolls
  A shadow imp (D:10)
  An ooze (D:5)
  A dart slug (D:3)
  4 leopard geckos
  27 orcs
  A bat (D:1)
  2 giant cockroaches
  3 hobgoblins (D:1)
  A quokka (D:4)
  A giant cockroach zombie (D:5)
  A jackal zombie (D:4)
  7 kobolds
  A quokka skeleton (D:4)
  A rat (D:1)
131 creatures vanquished.

Vanquished Creatures (others)
  An ogre mage (D:10)
  A worker ant (D:10)
2 creatures vanquished.

Grand Total: 321 creatures vanquished

Notes
Turn   | Place    | Note
-------+----------+-------------------------------------------
     0 | D:1      | vatarom the Demonspawn Summoner began the quest for the Orb.
     0 | D:1      | Reached XP level 1. HP: 13/13 MP: 3/3
   477 | D:1      | Gained mutation: You have sharp toenails. [demonic ancestry]
   477 | D:1      | Reached XP level 2. HP: 18/20 MP: 3/5
   493 | D:1      | Learned a level 2 spell: Call Imp
   496 | D:1      | Reached skill level 1 in Fighting
  1038 | D:1      | Reached skill level 1 in Polearms
  1210 | D:2      | Gained mutation: A weak demonic guardian rushes to your aid. [demonic ancestry]
  1210 | D:2      | Reached XP level 3. HP: 22/26 MP: 3/6
  1215 | D:2      | Learned a level 3 spell: Call Canine Familiar
  1245 | D:2      | Noticed Natasha
  1246 | D:2      | Found a white marble altar of Elyvilon.
  1256 | D:2      | Killed Natasha
  1759 | D:2      | Noticed Jessica
  1763 | D:2      | Noticed Natasha
  1764 | D:2      | Killed Jessica
  1764 | D:2      | Gained mutation: Your movements are slightly less encumbered by armour. (ER -2) [demonic ancestry]
  1764 | D:2      | Reached XP level 4. HP: 33/33 MP: 1/7
  1769 | D:2      | Killed Natasha
  2166 | D:2      | Noticed Natasha
  2174 | D:2      | Killed Natasha
  2174 | D:2      | Reached skill level 5 in Summonings
  2372 | D:3      | Noticed Irenicus's ghost (weakling DDMo)
  2407 | D:3      | Killed Irenicus's ghost
  2407 | D:3      | Reached XP level 5. HP: 12/39 MP: 2/8
  3213 | D:3      | Found a blossoming altar of Fedhas.
  3964 | D:4      | Noticed a phantom
  4017 | D:4      | Killed a phantom
  4017 | D:4      | Gained mutation: Your movements are less encumbered by armour. (ER -4) [demonic ancestry]
  4017 | D:4      | Reached XP level 6. HP: 47/47 MP: 7/10
  4041 | D:4      | Learned a level 4 spell: Summon Ice Beast
  4100 | D:4      | Reached skill level 1 in Ice Magic
  4310 | D:4      | Found a glowing silver altar of Zin.
  4658 | D:4      | Reached XP level 7. HP: 41/53 MP: 11/11
  4822 | D:4      | Found a staircase to the Ecumenical Temple.
  4829 | Temple   | Entered the Ecumenical Temple
  4865 | Temple   | Became a worshipper of Ashenzari the Shackled
  4930 | D:5      | Entered Level 5 of the Dungeon
  4933 | D:5      | Noticed Blork the orc
  4943 | D:5      | Killed Blork the orc
  4951 | D:5      | Found a shattered altar of Ashenzari.
  4968 | D:5      | Reached skill level 6 in Summonings
  5350 | D:5      | Noticed Edmund
  5363 | D:5      | Killed Edmund
  5786 | D:6      | Reached XP level 8. HP: 59/61 MP: 6/13
  5834 | D:6      | Reached skill level 1 in Armour
  5975 | D:6      | Reached skill level 7 in Summonings
  6165 | D:6      | Gained mutation: You evolve. [mutagenic meat]
  6184 | D:6      | Noticed Gobbopathe's ghost (novice VSTm)
  6200 | D:6      | Killed Gobbopathe's ghost
  6210 | D:6      | Learned a level 4 spell: Summon Lightning Spire
  6762 | D:7      | Reached skill level 5 in Fighting
  6874 | D:7      | Found a radiant altar of Vehumet.
  6898 | D:7      | Noticed Joseph
  6902 | D:7      | Reached * piety under Ashenzari
  6922 | D:7      | Killed Joseph
  6922 | D:7      | Reached skill level 1 in Air Magic
  7001 | D:7      | Reached XP level 9. HP: 38/68 MP: 10/15
  7183 | D:7      | Found a hide-covered altar of Uskayaw.
  7183 | D:7      | Noticed a dagger
  7184 | D:7      | Noticed a hand axe
  7224 | D:7      | Reached skill level 8 in Summonings
  7474 | D:8      | Noticed Psyche
  7583 | D:8      | Gained mutation: You are agile. (Dex +2) [evolution]
  8155 | D:8      | Killed Psyche
  8246 | D:8      | Learned a level 3 spell: Summon Guardian Golem
  8276 | D:8      | Found a bloodstained altar of Trog.
  8277 | D:8      | Found a basalt altar of Yredelemnul.
  8389 | D:8      | Reached skill level 5 in Spellcasting
  8838 | D:8      | Gained mutation: You are robust. (+10% HP) [evolution]
  8895 | D:9      | Reached skill level 9 in Summonings
  9073 | D:9      | Noticed a two-headed ogre
  9084 | D:9      | Killed a two-headed ogre
  9084 | D:9      | Reached skill level 5 in Polearms
  9084 | D:9      | Gained mutation: Your movements are significantly less encumbered by armour. (ER -6) [demonic ancestry]
  9084 | D:9      | Reached XP level 10. HP: 61/83 MP: 2/17
  9289 | D:9      | Reached ** piety under Ashenzari
  9950 | D:10     | Entered Level 10 of the Dungeon
 10035 | D:10     | Noticed a two-headed ogre
 10056 | D:10     | Reached skill level 5 in Air Magic
 10061 | D:10     | Killed a two-headed ogre
 10408 | D:10     | Gained mutation: Your spells are a little harder to cast, but a little more powerful. [evolution]
 10533 | D:10     | Found Ozas's Antique Armour Boutique.
 10632 | D:10     | Noticed a two-headed ogre
 10648 | D:10     | Killed a two-headed ogre
 10651 | D:10     | Reached skill level 10 in Summonings
 10735 | D:10     | Noticed a green ugly thing
 10735 | D:10     | Noticed a cyclops
 10736 | D:10     | Identified the ring of the Commoners {Wiz rF+ rC+ Str+4}
 10742 | D:10     | Killed a green ugly thing
 10744 | D:10     | Noticed an ogre mage
 10752 | D:10     | Killed an ogre mage
 10756 | D:10     | Killed a cyclops
 10787 | D:10     | Identified the ring "Govulaehoiqu" {rPois MR+ Dex-4 Stlth-} (You took it off a tengu conjurer on level 10 of the Dungeon)
 10787 | D:10     | Gained mutation: You have razor-sharp toenails. [demonic ancestry]
 10787 | D:10     | Reached XP level 11. HP: 72/92 MP: 6/20
 11387 | D:10     | Found a glowing golden altar of the Shining One.
 11848 | D:11     | Noticed Urug
 11853 | D:11     | Noticed a white ugly thing
 11872 | D:11     | Killed a white ugly thing
 12356 | D:11     | Noticed a cyan ugly thing
 12358 | D:11     | Noticed a two-headed ogre
 12368 | D:11     | Killed a two-headed ogre
 12384 | D:11     | Killed a cyan ugly thing
 12433 | D:11     | Reached *** piety under Ashenzari
 12444 | D:11     | Gained mutation: You possess an exceptional clarity of mind. [evolution]
 12476 | D:11     | Found a staircase to the Lair.
 12476 | D:11     | Noticed an unseen horror
 12482 | D:11     | Noticed a centaur warrior
 12483 | D:11     | Killed an unseen horror
 12495 | D:11     | Killed a centaur warrior
 12619 | D:11     | Found Kiorer's Weapon Shop.
 12918 | D:11     | Slain by an orc warrior

Skill      XL: |  1  2  3  4  5  6  7  8  9 10 11 |
---------------+----------------------------------+-----
Fighting       | 1 2 3 4 5 6 7 |  7.5
Polearms       | 1 2 3 5 6 |  6.2
Summonings     | 5 6 7 9 10 | 10.9
Ice Magic      | 1 3 |  3.1
Spellcasting   | 3 4 5 6 |  6.4
Armour         | 2 4 |  4.5
Air Magic      | 1 4 6 |  6.2
Dodging        | |  1.7
Stealth        | |  1.7

Action                   |  1- 3 |  4- 6 |  7- 9 | 10-12 || total
-------------------------+-------+-------+-------+-------++-------
Melee: Spear             |    85 |   235 |   163 |       ||   483
       Kick              |    10 |    44 |    68 |    57 ||   179
       Trident           |       |       |   102 |       ||   102
       Halberd           |       |       |    71 |   233 ||   304
       Demon blade       |       |       |    23 |       ||    23
 Cast: Summon Small Mamm |     9 |       |       |       ||     9
       Call Imp          |     9 |     3 |     4 |       ||    16
       Call Canine Famil |     3 |    12 |    21 |     5 ||    41
       Summon Ice Beast  |       |       |    18 |    19 ||    37
       Summon Lightning  |       |       |     3 |    22 ||    25
       Summon Guardian G |       |       |       |     1 ||     1
Invok: Curse Item        |       |       |     4 |     5 ||     9
Evoke: Wand              |       |       |     6 |       ||     6
  Use: Scroll            |     5 |     8 |     8 |     8 ||    29
       Potion            |     4 |     1 |     5 |     4 ||    14
 Stab: Sleeping          |     4 |     7 |       |       ||    11
       Distracted        |       |     1 |     2 |     1 ||     4
  Eat: Chunk             |     2 |     5 |     8 |     4 ||    19
       Royal jelly       |     1 |       |       |       ||     1
       Meat ration       |       |     1 |       |       ||     1
       Bread ration      |       |       |     5 |     3 ||     8
Armor: Robe              |    10 |       |       |       ||    10
       Ring mail         |       |    38 |    84 |    54 ||   176
Dodge: Dodged            |    46 |    82 |   193 |   119 ||   440
       Rpst.: Demon blade |       |       |     6 |       ||     6
